 Dungeon Crawl Stone Soup version 0.31-a0-183-g4352c244c2 (webtiles) character file.

Game seed: 17746898839892866329

125 Hajna the Chopper (level 5, -1/47 HPs)
             Began as a Hill Orc Monk on June 21, 2023.
             Slain by an iguana (12 damage)
             ... on level 4 of the Dungeon.
             The game lasted 00:06:01 (2585 turns).

Hajna the Chopper (Hill Orc Monk)                   Turns: 2585, Time: 00:06:01

Health: -1/47      AC:  8    Str: 16    XL:     5   Next: 9%
Magic:  5/5        EV:  6    Int: 10    God:
Gold:   102        SH: 12    Dex: 13    Spells: 4/4 levels left

rFire   . . .        a - +1 hand axe
rCold   . . .        r - +1 tower shield
rNeg    . . .        s - +0 scale mail
rPois   .            (no helmet)
rElec   .            (no cloak)
rCorr   .            c - +0 pair of gloves
SInv    .            n - +0 pair of boots
Will    .....        (no amulet) Stlth
                     (no ring)
HPRegen 0.27/turn    (no ring)
MPRegen 0.09/turn

%: no passive effects
@: no status effects
A: no striking features
a: no special abilities


You were on level 4 of the Dungeon.
You visited 1 branch of the dungeon, and saw 4 of its levels.

You collected 183 gold pieces.
You spent 81 gold pieces at shops.

Inventory:

Hand Weapons
 a - a +1 hand axe (weapon)
Missiles
 i - 12 boomerangs (quivered)
 o - 2 poisoned darts
 w - 4 boomerangs of dispersal
Armour
 b - a +0 robe
 c - a +0 pair of gloves (worn)
 d - an orb of light
 g - a +0 ring mail
 n - a +0 pair of boots (worn)
 r - a +1 tower shield (worn)
 s - a +0 scale mail (worn)
Jewellery
 q - a ring of magical power
Wands
 m - a wand of polymorph (9)
Scrolls
 j - a scroll of fear {unknown}
 k - a scroll of teleportation
Potions
 e - 4 potions of curing
 f - a potion of mutation {unknown}
 h - 3 potions of heal wounds {unknown}
 l - a potion of berserk rage
 p - a potion of enlightenment {unknown}
 u - 2 potions of might {unknown}
 v - 2 potions of resistance {unknown}


   Skills:
 + Level 4.5 Fighting
 + Level 5.3 Axes
 + Level 1.0 Armour
 + Level 2.9 Dodging
 + Level 0.1 Stealth
 * Level 1.9 Shields


You had 4 spell levels left.
You didn't know any spells.
Your spell library contained the following spells:

 Spells                   Type           Power      Damage    Failure   Level
 Slow                     Hex            0%         N/A       100%        1
 Summon Small Mammal      Summ           0%         N/A       100%        1
 Call Canine Familiar     Summ           0%         N/A       100%        3
 Confusing Touch          Hex            0%         N/A       100%        3
 Summon Guardian Golem    Hex/Summ       0%         N/A       100%        3
 Vampiric Draining        Necr           0%         2d6       100%        3
 Borgnjor's Revivificati  Necr           0%         N/A       100%        8
 Necromutation            Tmut/Necr      0%         N/A       100%        8
 Death's Door             Necr           0%         N/A       100%        9


Dungeon Overview and Level Annotations

Branches:
Dungeon (4/15)
 Temple: D:4-7

Altars:

Shops:
D:2 ::[


Message History

You now have 102 gold pieces (gained 16).
Found a stone staircase leading up.
Found 2 poisoned darts.
You see here 2 poisoned darts.
o - 2 poisoned darts An iguana comes into view.
Found a stone staircase leading down.
Found a stone staircase leading up.
The iguana barely misses you.
You hit the iguana but do no damage. The iguana bites you.
You block the iguana's attack.
You hit the iguana.
The iguana is moderately wounded.
You block the iguana's attack.
You hit the iguana.
The iguana is heavily wounded.
The iguana bites you! You block the iguana's attack.
You barely miss the iguana.
The iguana is heavily wounded.
The iguana bites you but does no damage.
You closely miss the iguana.
The iguana is heavily wounded.
The iguana bites you.
You closely miss the iguana.
The iguana is heavily wounded.
The iguana bites you! x2
You are too injured to fight recklessly!
You are too injured to fight recklessly!
You are too injured to fight recklessly!
You are too injured to fight recklessly!
You feel better. You block the iguana's attack.
You barely miss the iguana.
The iguana is heavily wounded.
The iguana bites you!
You hit the iguana.
The iguana is heavily wounded.
The iguana bites you.
* * * LOW HITPOINT WARNING * * *
The iguana bites you!
You die...

... #... .... #.. ..##
### ..# #..## ##.## ..#
#..## #...# ..#
########..### ##..##
..# ........##..##
###...# ..#
.>.....@.##..####.....#
..#
.......l.###..##.....##
..# ........<#
###......#### .##
........## ##........#
## ........#
##.....<.### #
........# ##......###
### ........#
##.......# ##.##
.......## #........#
#..<### ##........#


You could see an iguana.

Vanquished Creatures
  Terence (D:3)
  2 adders (D:3)
  A dart slug (D:4)
  5 orcs (D:3)
  5 ball pythons
  4 bats
  3 endoplasms
  3 giant cockroaches
  4 goblins
  5 hobgoblins
  13 jackals
  7 quokkas
  5 frilled lizards
  3 kobolds
  4 rats
65 creatures vanquished.

Notes
Turn   | Place    | Note
-------+----------+-------------------------------------------
     0 | D:1      | Hajna the Hill Orc Monk began the quest for the Orb.
     0 | D:1      | Reached XP level 1. HP: 19/19 MP: 1/1
   219 | D:1      | Reached XP level 2. HP: 27/27 MP: 2/2
   821 | D:2      | Reached XP level 3. HP: 33/33 MP: 3/3
   861 | D:2      | Found Xihoupho's Book Shoppe.
   995 | D:2      | Found Upylav's Antique Armour Boutique.
  1198 | D:2      | Found Ciefag's Book Boutique.
  1348 | D:2      | Bought a tower shield for 81 gold pieces
  1572 | D:3      | Reached skill level 5 in Axes
  1572 | D:3      | Reached skill level 1 in Shields
  1572 | D:3      | Reached XP level 4. HP: 23/41 MP: 4/4
  1661 | D:3      | Noticed Terence
  1708 | D:3      | Killed Terence
  1865 | D:3      | Reached skill level 1 in Armour
  2109 | D:3      | Reached XP level 5. HP: 46/47 MP: 5/5
  2585 | D:4      | Slain by an iguana

Illustrated notes

Levels and vault maps discovered:
D:1:      lightli_arrival_maybe_door_vault, layout_loops_ring
D:2:      layout_basic, serial_shops, shop, nicolae_shop_peninsula,
          nicolae_shop_advertising_works [nicolae_subvault_shop_adworks]
D:3:      layout_rooms, st_stairs_12, uniq_terence
D:4:      layout_cave_pods

Skill      XL: |  1  2  3  4 |
---------------+-------------+-----
Fighting       | 4 |  4.5
Axes           | 5 |  5.3
Shields        | 1 |  1.9
Armour         | 1 |  1.0
Dodging        | |  2.9
Stealth        | |  0.1

Action                     |  1- 3 |  4- 6 || total
---------------------------+-------+-------++-------
  Melee: Hand axe          |   135 |   103 ||   238
    Use: Scroll            |       |     8 ||     8
         Potion            |       |     2 ||     2
 Armour: Robe              |     3 |       ||     3
         Ring mail         |    46 |       ||    46
         Scale mail        |    10 |    47 ||    57
  Dodge: Dodged            |    79 |    21 ||   100
  Block: Tower shield      |    39 |    76 ||   115

Table legend: (Time is in decaauts)
 A = Elapsed time spent in this place.
 B = Non-inter-level travel time spent in this place.
 C = Inter-level travel time spent in this place.
 D = Time resting spent in this place.
 E = Time spent auto-exploring this place.
 F = Levels seen in this place.
 G = Mean time per level.
                   A        B        C        D        E       F      G
               +--------+--------+--------+--------+--------+-----+--------+
         Total |   2661 |   2567 |     94 |      0 |   1993 |   4 |  665.2 |
       Dungeon |   2661 |   2567 |     94 |      0 |   1993 |   4 |  665.2 |
               +--------+--------+--------+--------+--------+-----+--------+

Top non-repeatable levels by time:
     D:3: 923 daAuts
     D:1: 777 daAuts
     D:2: 596 daAuts
     D:4: 364 daAuts
